 Dungeon Crawl Stone Soup version 0.28.0-1-gb440e238dd (webtiles) character file.

Game seed: 6840392777392891028

58 mortz the Conjurer (level 4, -8/31 HPs)
             Began as a Human Conjurer on Feb 21, 2022.
             Killed by nerve-wracking pain
             ... invoked by Grinder
              (10 damage)
             ... on level 3 of the Dungeon.
             The game lasted 00:08:08 (1706 turns).

mortz the Conjurer (Human Conjurer)                 Turns: 1706, Time: 00:08:08

Health: -8/31      AC:  3    Str: 13    XL:     4   Next: 20%
Magic:  5/7        EV: 11    Int: 20    God:
Gold:   5          SH:  0    Dex: 12    Spells: 4/7 levels left

rFire   . . .      SeeInvis .   d - +1 short sword (flame)
rCold   . . .      Faith    .   (no shield)
rNeg    . . .      Spirit   .   j - +0 leather armour
rPois   .          Reflect  .   (no helmet)
rElec   .          Harm     .   (no cloak)
rCorr   .          Rampage  .   (no gloves)
Will    .....                   (no boots)
Stlth   ++........              (no amulet)
HPRegen 0.10/turn               g - +6 ring of strength
MPRegen 0.10/turn               (no ring)

@: no status effects
A: no striking features
a: no special abilities


You were on level 3 of the Dungeon.
You visited 1 branch of the dungeon, and saw 4 of its levels.

You collected 5 gold pieces.

Inventory:

Hand Weapons
 d - a +1 short sword of flaming (weapon)
Armour
 a - a +0 robe
 j - a +0 leather armour (worn)
Jewellery
 g - a +6 ring of strength (left hand)
Scrolls
 b - a scroll of enchant weapon {unknown}
 k - a scroll of teleportation {unknown}
 l - a scroll of blinking {unknown}
Potions
 c - 2 potions of degeneration {unknown}
 e - a potion of haste {unknown}
 f - a potion of ambrosia {unknown}
 h - a potion of heal wounds {unknown}
 i - 2 potions of lignification {unknown}
 m - 3 potions of curing {unknown}


   Skills:
 + Level 0.9 Fighting
 + Level 0.1 Short Blades
 + Level 2.2 Dodging
 + Level 2.0 Stealth
 + Level 2.4 Spellcasting
 + Level 4.8 Conjurations


You had 4 spell levels left.
You knew the following spells:

 Your Spells              Type           Power      Damage    Failure   Level
a - Magic Dart            Conj           88%        1d7       2%          1
b - Searing Ray           Conj           44%        2d6       3%          2

Your spell library contained the following spells:

 Spells                   Type           Power      Damage    Failure   Level
 Apportation              Tloc           4%         N/A       19%         1
 Dazzling Flash           Conj/Hex       24%        N/A       22%         3
 Fulminant Prism          Conj/Hex       6%         3d7       56%         4
 Iskenderun's Mystic Bla  Conj/Tloc      12%        2d5       56%         4
 Alistair's Intoxication  Tmut/Pois      1%         N/A       99%         5


Dungeon Overview and Level Annotations

Branches:
Dungeon (4/15)
 Temple: D:4-7

Altars:

Annotations:
D:3 Grinder


Message History

Grinder and an orc come into view.
Grinder is carrying a wand of flame (17).
Found 24 arrows.
Found a stone staircase leading up.
Grinder shouts!
The orc shouts!
Grinder zaps a wand.
The puff of flame hits you!
A worm comes into view.
The worm moves out of view.
The orc throws a boomerang.
The boomerang barely misses you.
The orc throws a boomerang.
The boomerang closely misses you.
You hit the worm. You burn the worm.
The worm is moderately wounded.
The worm bites you but does no damage.
The orc throws a boomerang.
The boomerang barely misses you. The worm bites you.
Grinder blinks!
The orc throws a boomerang.
The boomerang closely misses you.
You barely miss Grinder. Grinder closely misses you.
The worm closely misses you.
Casting: Magic Dart (safe; 2% risk of failure)
Confirm with . or Enter, or press ? or * to list all spells.
Aiming: Searing Ray (safe; 3% risk of failure)
Press: ? - help, Shift-Dir - straight line, f - Grinder
Aim: Grinder, carrying a wand of flame (16) (75% to hit)
The searing ray hits Grinder!
Grinder is lightly wounded. (Press . to maintain the ray.) Grinder gestures at you.
You suddenly lose the ability to move!
Grinder gestures at you. Pain shoots through your body! The worm bites you.
* * * LOW HITPOINT WARNING * * *
You can move again.
Grinder gestures at you. Pain shoots through your body!
* * * LOW HITPOINT WARNING * * *
The orc throws a boomerang.
The boomerang misses you. The worm barely misses you.
Unknown command.
Grinder gestures at you. Pain shoots through your body!
You die...

.. . #. .### .##.. #...#
. . .... #.#.##### #.
#.##..#### #.......# #.
#..<..(..# #.......## #.
......5..# #........###.
........w####............
##......@......#.........
#......................†
#......o.####...###.###.
#........####.......#...
########.##.....#####.#>
#.##.##.## #.#. #.##5##.#
# #. ####.......# ##
##...###.####


You could see Grinder, a worm and an orc.

Vanquished Creatures
  A gnoll (D:1)
  An adder (D:3)
  2 dart slugs (D:1)
  3 endoplasms
  3 goblins
  2 hobgoblins (D:1)
  2 jackals (D:1)
  3 kobolds (D:1)
  4 quokkas
  5 bats
  4 frilled lizards
  3 rats (D:1)
33 creatures vanquished.

Notes
Turn   | Place    | Note
-------+----------+-------------------------------------------
     0 | D:1      | mortz the Human Conjurer began the quest for the Orb.
     0 | D:1      | Reached XP level 1. HP: 13/13 MP: 3/3
   210 | D:1      | Reached XP level 2. HP: 9/20 MP: 1/5
   278 | D:1      | Learned a level 2 spell: Searing Ray
   609 | D:1      | Reached XP level 3. HP: 13/25 MP: 0/6
  1356 | D:1      | Found a faded altar of an unknown god.
  1547 | D:2      | You fall into a shaft and drop 2 floors!
  1569 | D:3      | Reached XP level 4. HP: 31/31 MP: 2/7
  1684 | D:3      | Noticed Grinder
  1703 | D:3      | Paralysed by Grinder for 2 turns
  1706 | D:3      | Killed from afar by Grinder

Illustrated notes

Levels and vault maps discovered:
D:1:      nzn_arrival_depleted_hourglass, layout_loops_ring,
          shapermc_ecumenical_altar_mp_vishouse, due_unseen_surprise
D:2:      layout_rooms, minmay_misc_feat_tiny, hex_intersection,
          minmay_pentomino_p2
D:3:      layout_loops_cross, minmay_liquid_box, minmay_between, uniq_grinder
D:4:      layout_rooms, mainiacjoe_overflow_swirl, lemuel_coloured_pillars_altar

Action                   |  1- 3 |  4- 6 || total
-------------------------+-------+-------++-------
Melee: Short sword       |     7 |     2 ||     9
 Cast: Magic Dart        |    45 |     4 ||    49
       Searing Ray       |     2 |     1 ||     3
 Stab: Sleeping          |     1 |       ||     1
Armor: Robe              |     5 |       ||     5
       Leather armour    |       |     1 ||     1
Dodge: Dodged            |    18 |     8 ||    26
